AoeStats
← yt536390

Arabia

510537224Analyzed
1v1 RM · 24h ago on Oct 1, 2026· 50m 36s· 2 players
Game mode
Random Map
Map size
Tiny (2 player)
Population
200
Speed
Normal
Resources
Standard
Victory
Conquest
Starting age
Dark Age
Ending age
Imperial Age
RankedLock teamsTeams togetherTeam positionsShared explorationLock speedFull tech treeHidden civsTurbo modeCheats
Victory
Defeat
🇨🇳 Franks · China
1768
+12
🇨🇳 Saxons · China
1677
-12
yt536390
4:58 Loom
9:06 Feudal Age
13:01 Town Watch
20:52 Castle Age
20:21 Gold Mining
20:22 Stone Mining
20:19 Double-Bit Axe
21:17 Light Cavalry
25:55 Sanctity
32:29 Arson
35:59 Masonry
37:30 Wheelbarrow
37:15 Fletching
37:47 Murder Holes
37:58 Bodkin Arrow
39:39 Forging
39:30 Scale Mail Armor
39:45 Squires
40:05 Scale Mail Armor
40:32 Scale Barding Armor
41:29 Gold Shaft Mining
41:11 Husbandry
42:15 Chain Barding Armor
43:14 Iron Casting
43:45 Chain Mail Armor
44:23 Wheelbarrow
48:44 Imperial Age
50:31 Plate Barding Armor
51:32 Blast Furnace
看谁不爽肘谁
1:29 Loom
13:28 Feudal Age
17:55 Castle Age
17:12 Double-Bit Axe
20:11 Bow Saw
22:11 Scale Mail Armor
24:33 Fletching
27:44 Squires
30:22 Sanctity
34:48 Bodkin Arrow
45:03 Padded Archer Armor
Connection lost

Rejoining the realm…

Still unreachable

The connection could not be restored.

Session expired

The server has moved on; the page needs a fresh start.